Map: [ESL] Ancient Cistern

Players

Spirit - Winner!

  • Race: Terran Terran
  • Spawn Location: 1:00

GuMiho

  • Race: Terran Terran
  • Spawn Location: 7:00

Event: ESL SC2 Masters 2023 Summer (Finals)

VOD

Have the link to the VOD?

Description

Time

  • Played on: June 17, 2023, 9:52 a.m.
  • Length: 13:25

All games in this series

Show
View Real Time Build Order
Export as new Build Order

Spirit Terran - Winner!

Build Orders: Mech 

Get SALT Encoding   

  12  0:00  SCV  
  13  0:12  SCV  
  14  0:16  Supply Depot  
  14  0:24  SCV  
  15  0:38  SCV  
  15  0:41  Barracks  
  16  0:43  Refinery  
  16  0:50  SCV  
  16  0:52  Refinery  
  17  1:02  SCV  
  18  1:14  SCV  
  19  1:27  Reaper  
  19  1:28  Orbital Command  
  19  1:31  Supply Depot  
  20  1:42  Factory  
  20  1:53  SCV  
  21  1:59  Reaper  
  22  2:05  SCV  
  23  2:17  SCV  
  24  2:28  Hellion  
  26  2:30  Bunker  
  26  2:33  Command Center  
  26  2:39  Reaper  
  26  2:40  SCV  
  28  2:46  Supply Depot  
  28  2:49  Hellion  
  29  2:52  SCV  
  30  3:04  Starport, SCV  
  31  3:12  Factory Tech Lab  
  31  3:16  SCV  
  32  3:22  Barracks Reactor  
  32  3:28  SCV  
  33  3:40  SCV  
  33  3:45  Cyclone  
  34  3:52  SCV  
  33  3:58  Marine  
  33  3:59  Marine, Starport Tech Lab  
  34  4:05  SCV  
  34  4:07  Supply Depot  
  35  4:13  Orbital Command  
  35  4:16  Marine  
  35  4:17  SCV  
  35  4:18  Raven, Refinery  
  35  4:19  Marine  
  38  4:29  SCV  
  39  4:31  Cyclone  
  39  4:32  Command Center  
  42  4:38  SCV  
  42  4:41  SCV  
  42  4:45  Refinery  
  44  4:46  Marine  
  44  4:48  Marine  
  44  4:51  SCV  
  47  4:53  SCV  
  47  4:54  Raven  
  50  5:02  Supply Depot  
  50  5:03  SCV, Marine  
  50  5:05  SCV  
  50  5:06  Marine  
  54  5:10  Siege Tank  
  57  5:15  SCV  
  57  5:17  SCV  
  59  5:26  Supply Depot  
  59  5:27  SCV  
  60  5:29  Factory  
  60  5:30  SCV  
  60  5:33  Barracks Reactor  
  60  5:34  Factory  
  61  5:39  SCV  
  61  5:42  SCV  
  63  5:45  Siege Tank  
  63  5:46  Orbital Command  
  66  5:51  SCV  
  66  5:54  SCV  
  66  5:56  Viking  
  70  6:01  Viking  
  70  6:03  SCV  
  73  6:06  SCV  
  74  6:15  SCV  
  74  6:16  SCV  
  75  6:19  SCV  
  76  6:26  Viking  
  76  6:27  Siege Tank  
  76  6:28  Factory Tech Lab  
  76  6:31  SCV, Viking  
  76  6:32  SCV  
  85  6:35  Orbital Command  
  85  6:36  Infernal Pre-Igniter  
  85  6:43  SCV, Refinery  
  85  6:44  SCV  
  85  6:46  Refinery  
  87  6:51  Hellion, Siege Tank  
  87  6:52  Engineering Bay  
  92  6:55  SCV  
  92  6:57  Hellion, Supply Depot x2, SCV  
  96  7:03  Viking  
  96  7:04  SCV  
  96  7:07  Viking  
  101  7:11  SCV  
  101  7:12  SCV  
  101  7:18  SCV  
  101  7:22  Hellion, Sensor Tower  
  104  7:23  SCV  
  104  7:25  SCV  
  104  7:29  Supply Depot  
  106  7:31  SCV  
  106  7:36  Liberator  
  107  7:44  SCV x3  
  97  7:56  SCV x3  
  97  7:57  Hellion, Siege Tank x2  
  97  8:06  Liberator  
  97  8:08  SCV x3  
  103  8:18  Refinery  
  103  8:19  Hellion  
  105  8:20  SCV x3  
  105  8:26  Liberator  
  111  8:28  Hellion  
  111  8:29  Siege Tank  
  111  8:32  SCV x3  
  119  8:39  Siege Tank  
  119  8:41  Hellion  
  124  8:44  SCV  
  125  8:50  SCV x2  
  125  8:52  Hellion  
  120  8:56  Orbital Command, SCV  
  120  9:01  Siege Tank  
  120  9:02  SCV, Hellion  
  118  9:08  SCV  
  117  9:11  Viking, Siege Tank  
  117  9:13  Hellion  
  117  9:14  SCV  
  121  9:20  SCV  
  121  9:23  Hellion  
  124  9:24  Refinery  
  124  9:30  Viking  
  126  9:33  Siege Tank  
  126  9:38  Supply Depot  
  129  9:39  Supply Depot  
  129  9:41  Viking  
  133  9:46  Hellion  
  133  9:54  Supply Depot  
  135  10:00  Hellion, Viking, Siege Tank  
  135  10:05  Siege Tank  
  143  10:11  Viking  
  131  10:18  Hellion  
  127  10:21  Hellion  
  124  10:30  Viking  
  124  10:32  Siege Tank  
  123  10:37  Siege Tank  
  123  10:39  Hellion  
  123  10:41  Viking  
  123  10:43  Hellion  
  104  11:00  Hellion, Viking  
  104  11:03  Command Center  
  107  11:04  Hellion, Siege Tank  
  107  11:07  SCV x2  
  107  11:10  Hellion  
  111  11:11  Viking  
  113  11:22  Hellion  
  117  11:25  Hellion  
  117  11:30  Liberator  
  117  11:31  Siege Tank  
  123  11:36  Hellion  
  123  11:39  SCV x2  
  124  11:41  Liberator, SCV  
  124  11:43  Hellion  
  132  11:47  Hellion  
  132  11:51  SCV x2  
  132  11:53  SCV  
  135  11:57  Siege Tank  
  138  12:03  SCV x2, Siege Tank  
  138  12:05  Hellion  
  138  12:08  SCV, Hellion  
  148  12:15  Liberator, SCV x2  
  151  12:17  Factory  
  150  12:26  Hellion  
  150  12:29  Siege Tank  
  141  12:30  Hellion  
  141  12:35  Siege Tank  
  128  12:46  SCV x2  
  128  12:47  Hellion  
  128  12:50  SCV  
  133  12:51  Hellion  
  133  12:58  SCV x2  
  135  13:02  SCV  
  139  13:10  SCV x2  
  147  13:17  Refinery  
  130  13:21  Refinery  
Show
View Real Time Build Order
Export as new Build Order

GuMiho Terran 

Build Orders: Gas First Reaper Expand 

Get SALT Encoding   

  12  0:00  SCV  
  13  0:12  SCV  
  14  0:16  Supply Depot  
  14  0:24  SCV  
  14  0:27  Refinery  
  15  0:38  SCV  
  16  0:43  Barracks  
  16  0:50  SCV  
  17  1:02  SCV  
  18  1:14  SCV  
  19  1:30  Orbital Command, Reaper  
  20  1:43  Command Center  
  20  1:56  Factory  
  20  1:59  SCV  
  21  2:04  Reaper  
  22  2:11  Supply Depot  
  22  2:14  SCV  
  23  2:22  Refinery  
  23  2:33  SCV  
  24  2:37  Barracks Tech Lab  
  24  2:42  Hellion  
  26  2:45  SCV  
  27  2:52  Starport  
  27  2:56  Orbital Command  
  27  2:57  SCV  
  28  3:09  SCV  
  28  3:10  Marine, Cyclone  
  33  3:21  SCV  
  33  3:24  Refinery  
  35  3:29  Starport Tech Lab  
  35  3:30  Supply Depot  
  35  3:34  SCV  
  34  3:42  Cyclone  
  34  3:48  SCV  
  35  3:49  SCV  
  35  3:52  Banshee  
  39  4:00  SCV  
  39  4:01  SCV  
  41  4:12  SCV  
  41  4:13  SCV  
  41  4:16  Command Center  
  43  4:22  Factory Reactor  
  43  4:23  Stimpack, Marine  
  44  4:24  SCV  
  44  4:25  SCV  
  44  4:27  Barracks  
  46  4:36  SCV  
  46  4:37  SCV  
  48  4:38  Barracks  
  48  4:41  Supply Depot  
  48  4:42  Starport Reactor  
  48  4:48  Marine, SCV  
  48  4:49  SCV  
  51  4:54  Engineering Bay  
  51  4:57  Refinery  
  51  5:00  SCV  
  51  5:01  SCV  
  51  5:06  Refinery  
  53  5:10  Barracks  
  53  5:11  Barracks  
  53  5:13  SCV x2  
  55  5:18  Siege Tank  
  58  5:25  SCV x2  
  58  5:26  Missile Turret  
  60  5:29  Terran Infantry Weapons Level 1  
  60  5:30  Starport Reactor  
  60  5:31  Orbital Command  
  60  5:35  Marine x3  
  63  5:37  Marine  
  63  5:38  SCV  
  63  5:40  SCV  
  63  5:41  Marine  
  67  5:45  Supply Depot  
  67  5:48  Supply Depot  
  67  5:50  SCV  
  67  5:52  SCV  
  69  5:57  Siege Tank  
  69  6:00  Barracks Reactor x2  
  69  6:01  Marine  
  69  6:03  Combat Shield  
  73  6:07  Marine x2  
  73  6:09  Marine x2  
  76  6:14  SCV x2  
  76  6:16  SCV  
  76  6:17  Medivac  
  81  6:20  Medivac  
  83  6:27  Marine, Supply Depot  
  83  6:28  Marine  
  83  6:30  Supply Depot  
  83  6:31  Marine  
  83  6:34  Siege Tank  
  83  6:36  Marine x2  
  83  6:37  Marine  
  83  6:38  Marine  
  83  6:39  Marine  
  91  6:40  Marine  
  91  6:43  SCV  
  93  6:49  SCV x2, Supply Depot  
  93  6:53  Supply Depot x2  
  93  6:54  Medivac  
  97  6:55  Medivac  
  97  6:57  SCV  
  97  7:01  SCV x2  
  102  7:02  Armory  
  102  7:08  Engineering Bay  
  101  7:10  Marine x2  
  101  7:12  Marine  
  101  7:13  Marine x4  
  101  7:14  Marine  
  109  7:18  Siege Tank  
  109  7:19  Marine  
  109  7:20  SCV  
  109  7:21  SCV  
  109  7:22  SCV  
  116  7:28  Marine  
  117  7:33  Marine x2  
  117  7:34  Marine x3  
  114  7:46  Marine x4  
  114  7:50  Siege Tank  
  113  7:51  Marine x5  
  113  7:56  SCV x2  
  119  8:01  Command Center  
  119  8:02  Terran Infantry Weapons Level 2  
  119  8:03  SCV, Terran Infantry Armor Level 1  
  119  8:04  Marine x4  
  124  8:09  Marine x2, Medivac  
  124  8:11  Medivac  
  123  8:14  Marine  
  123  8:15  Marine x2  
  126  8:20  SCV, Supply Depot x2  
  126  8:21  SCV  
  126  8:22  Marine  
  126  8:23  SCV  
  130  8:31  Barracks x2  
  130  8:34  Barracks  
  130  8:37  SCV  
  130  8:38  SCV x2  
  133  8:41  Viking  
  133  8:42  Viking  
  130  8:59  Marine x2  
  130  9:00  Marine x4  
  124  9:02  Marine  
  124  9:03  Marine x2  
  124  9:09  SCV x3  
  125  9:11  Medivac  
  125  9:12  Medivac  
  129  9:17  Marine x2  
  129  9:18  Marine x4  
  129  9:19  Siege Tank  
  129  9:20  Marine x2  
  129  9:21  SCV x3, Barracks Tech Lab x3  
  129  9:23  Orbital Command  
  143  9:33  SCV  
  143  9:36  Barracks  
  143  9:37  Barracks  
  144  9:40  Barracks, Command Center  
  144  9:43  Barracks  
  144  9:46  Marauder x2  
  144  9:47  Concussive Shells  
  144  9:49  Marauder  
  144  9:51  Marauder  
  152  9:57  SCV  
  152  9:58  SCV x2  
  155  10:04  Sensor Tower  
  155  10:06  Siege Tank  
  148  10:08  Marine  
  148  10:13  Marine x3, Marauder x2  
  118  10:17  Marine, Marauder x2  
  118  10:18  Marine  
  99  10:24  Marine x3  
  99  10:25  Marine  
  99  10:27  Marine x2  
  94  10:29  SCV  
  94  10:34  Marauder  
  95  10:38  Marine x4  
  95  10:40  Marine  
  85  10:44  Marine  
  85  10:45  Marine  
  85  10:48  Marine  
  62  10:57  Marine  
  62  10:58  Marine x2  
  62  10:59  Marine x2  
  67  11:05  Medivac  
  67  11:10  SCV, Medivac  
  67  11:11  SCV x2  
  73  11:13  SCV  
  73  11:17  Marauder  
  75  11:18  Marine x2  
  75  11:22  Marine x2  
  75  11:24  SCV  
  75  11:25  SCV x2  
  81  11:32  SCV  
  81  11:36  SCV  
  81  11:38  Marine x2  
  81  11:39  Marine x4, Marauder x2  
  91  11:42  SCV x2  
  91  11:44  Marine  
  91  11:45  Marine x2  
  97  11:50  SCV x2  
  95  11:54  SCV x2  
  95  11:55  Siege Tank  
  95  11:58  Medivac x2  
  95  12:02  Marine x2  
  95  12:03  Marauder  
  95  12:07  Marine x3  
  97  12:10  Marine  
  97  12:11  SCV x2  
  100  12:19  Marine  
  100  12:20  Marine x3  
  100  12:22  Marine  
  105  12:29  Siege Tank  
  104  12:32  Marine x2  
  100  12:47  Marine x5  
  100  12:48  Marine x3  
  100  12:51  Marine x2  
  104  12:54  Marine  
  104  12:55  Marine  
  104  12:57  Marine  
  104  12:58  Marine  
  108  13:01  Widow Mine  
  108  13:02  Marine x2  
  108  13:04  Marine  
Tags
 
Add a new tag
Caveats
  • Supply blocks, unpowered buildings, or Contaminate may cause inaccurate times.
  • Supply counts are checked every 10 seconds.